AoeStats
← SKYEEERINO?!?

Arabian Desert

509474021Analyzed
1v1 RM · 6d ago on Sep 26, 2026· 39m 42s· 2 players
Game mode
Random Map
Map size
Tiny (2 player)
Population
200
Speed
Normal
Resources
Standard
Victory
Conquest
Starting age
Dark Age
Ending age
Imperial Age
RankedLock teamsTeams togetherTeam positionsShared explorationLock speedFull tech treeHidden civsTurbo modeCheats
Victory
Defeat
🇹🇷 Teutons · Türkiye
935
+15
🇷🇺 Koreans · Russia
908
-15
SKYEEERINO?!?
8:38 Loom
10:52 Feudal Age
11:21 Double-Bit Axe
12:16 Wheelbarrow
15:49 Horse Collar
21:32 Castle Age
19:47 Town Watch
22:23 Stone Mining
22:46 Bow Saw
22:30 Gold Mining
24:36 Crossbowman
25:21 Thumb Ring
24:46 Crossbowman
25:31 Thumb Ring
25:36 Heavy Plow
26:10 Scale Mail Armor
26:03 Fletching
28:50 Bodkin Arrow
33:04 Town Patrol
35:44 Imperial Age
35:57 Scale Barding Armor
36:51 Conscription
38:21 Two-Man Saw
38:10 Hand Cart
38:42 Arbalester
makrimonos
9:34 Feudal Age
10:29 Double-Bit Axe
19:13 Castle Age
17:03 Horse Collar
17:32 Gold Mining
22:27 Heavy Plow
22:33 Gold Mining
23:16 Arson
25:10 Squires
25:14 Scale Mail Armor
29:32 Wheelbarrow
28:42 Town Watch
29:36 Forging
31:14 Ballistics
31:19 Bloodlines
31:54 Scale Barding Armor
32:24 Iron Casting
32:09 Hand Cart
31:54 Town Patrol
36:33 Imperial Age
36:00 Bow Saw
36:50 Cavalier
38:07 Crop Rotation
38:05 Stone Mining
38:37 Chain Barding Armor
38:51 Conscription
Connection lost

Rejoining the realm…

Still unreachable

The connection could not be restored.

Session expired

The server has moved on; the page needs a fresh start.